[Event "Titled Tuesday Blitz February 22 Early 2022"]
[White "Eynullayev, Atilla"]
[Black "Jakubowska, Anna"]
[WhiteFideId "13413570"]
[BlackFideId "1121952"]
[WhiteElo "1979"]
[BlackElo "1924"]
[Result "1-0"]
[Round "07"]
[TimeControl "180+1"]
[Date "2022.02.22"]
[WhiteClock "0:01:47"]
[BlackClock "0:01:39"]

1. e4 c6 2. d4 d5 3. e5 Bf5 4. Bd3 Bxd3 5. Qxd3 e6 6. Ne2 Ne7 7. O-O c5 8. c3 Nec6 9. Nd2 Be7 10. a3 O-O 11. Nf3 cxd4 12. cxd4 f6 13. Nf4 Qd7 14. exf6 Bxf6 15. Re1 Re8 16. Nh5 Bd8 17. Bg5 Qf7 18. Nf4 Bxg5 19. Nxg5 Qxf4 20. Qxh7+ Kf8 21. Qh8+ Ke7 22. Rxe6+ Kd7 23. Qxe8+ Kc7 24. Re7+ Nxe7 25. Ne6+ 1-0


[Site "https://www.chess.com"]

[Event "Titled Tuesday Blitz February 22 Early 2022"]
[White "Ezat, Mohamed"]
[Black "Pultinevicius, Paulius"]
[WhiteFideId "10600906"]
[BlackFideId "12809390"]
[WhiteElo "2386"]
[BlackElo "2413"]
[Result "1-0"]
[Round "07"]
[TimeControl "180+1"]
[Date "2022.02.22"]
[WhiteClock "0:00:09"]
[BlackClock "0:00:01"]

1. d4 g6 2. c4 Bg7 3. e4 d6 4. Nc3 Nc6 5. Be3 e5 6. d5 Nd4 7. Nge2 Nxe2 8. Bxe2 f5 9. exf5 gxf5 10. f4 Bh6 11. O-O Nf6 12. Bh5+ Kf8 13. Be2 Kg7 14. Qd2 e4 15. Bd4 Re8 16. Nd1 c5 17. Bc3 Kg8 18. Ne3 Bg7 19. Qe1 Bd7 20. h3 Kh8 21. Kh2 Qe7 22. Rg1 Qf8 23. Qh4 Qf7 24. Raf1 Rg8 25. g4 fxg4 26. hxg4 Ne8 27. Bxg7+ Qxg7 28. g5 Qxb2 29. Rf2 Qd4 30. Rg3 b5 31. f5 bxc4 32. f6 c3 33. f7 Rf8 34. g6 Qg7 35. fxe8=Q Raxe8 36. Rxf8+ Rxf8 37. Bg4 c2 38. Nxc2 Rf2+ 39. Rg2 Rxg2+ 40. Kxg2 Bxg4 41. Qxg4 Qxg6 42. Qxg6 hxg6 43. Ne3 Kg7 44. Kg3 Kf6 45. Kf4 g5+ 46. Kxe4 Ke7 47. Kf5 Kd7 48. Kxg5 Kc7 49. Nc4 1-0


[Site "https://www.chess.com"]

[Event "Titled Tuesday Blitz February 22 Early 2022"]
[White "Faizrakhmanov, Ramil"]
[Black "Vlassov, Nikolai"]
[WhiteFideId "24103209"]
[BlackFideId "4103360"]
[WhiteElo "2792"]
[BlackElo "2623"]
[Result "0-1"]
[Round "07"]
[TimeControl "180+1"]
[Date "2022.02.22"]
[WhiteClock "0:00:01"]
[BlackClock "0:00:11"]

1. e4 Nc6 2. Nf3 d5 3. exd5 Qxd5 4. Nc3 Qa5 5. d4 Bg4 6. Bb5 O-O-O 7. Bxc6 bxc6 8. O-O Qh5 9. Re1 Bxf3 10. gxf3 e6 11. Bf4 Bd6 12. Bg3 Ne7 13. Qe2 Nf5 14. Rad1 Bxg3 15. hxg3 Nxd4 16. Rxd4 Rxd4 17. Qa6+ Kd7 18. Ne4 Qxf3 19. Nc5+ Ke7 20. Qxa7 Rc8 21. Nxe6 Re4 22. Rxe4 Qxe4 23. Nxc7 Kf8 24. Na6 Rd8 25. Kh2 g6 26. Nc5 Qxc2 27. Nd7+ Kg8 28. Qd4 Ra8 29. Nf6+ Kf8 30. Nxh7+ Kg8 31. Nf6+ Kf8 32. a3 c5 33. Qd6+ Kg7 34. Qf4 Rh8+ 35. Kg2 Qd1 36. g4 Qh1+ 37. Kg3 Rh3# 0-1


[Site "https://www.chess.com"]

[Event "Titled Tuesday Blitz February 22 Early 2022"]
[White "Fakhretdinova, Margarita"]
[Black "Shton, Roman"]
[WhiteFideId "24103667"]
[BlackFideId "14137461"]
[WhiteElo "2216"]
[BlackElo "2038"]
[Result "0-1"]
[Round "07"]
[TimeControl "180+1"]
[Date "2022.02.22"]
[WhiteClock "0:00:01"]
[BlackClock "0:01:02"]

1. e4 Nf6 2. e5 Nd5 3. Nf3 d6 4. d4 g6 5. Bc4 Nb6 6. Bb3 Bg7 7. a4 a5 8. Qe2 O-O 9. h4 Bg4 10. Bf4 Nc6 11. c3 dxe5 12. dxe5 Nd5 13. Bg3 h5 14. Nbd2 e6 15. Qe4 Bf5 16. Qf4 Nxf4 17. Bxf4 Bd3 18. O-O-O Qe7 19. Bg5 f6 20. exf6 Bxf6 21. Rhe1 Bf5 22. Ne4 Bxg5+ 23. Nexg5 Nd8 24. Ne5 Qc5 25. Nd7 Qxf2 26. Nxf8 Qf4+ 27. Rd2 Kxf8 28. Kd1 Nc6 29. Bxe6 Bg4+ 30. Bxg4 Qxg4+ 31. Kc1 Kg7 32. Rf2 Rf8 33. Rfe2 Qxh4 34. Ne6+ Kg8 35. Nxf8 Kxf8 36. Re8+ Kf7 37. R8e2 Qxa4 38. Rf1+ Kg7 39. Rfe1 Qc4 40. Re4 Qd3 41. R4e3 Qc4 42. Re4 Qa2 43. R4e2 a4 0-1


[Site "https://www.chess.com"]

[Event "Titled Tuesday Blitz February 22 Early 2022"]
[White "Farmani Anosheh, Armin"]
[Black "Dovbnia, Nikita"]
[WhiteFideId "24613240"]
[BlackFideId "54104599"]
[WhiteElo "2289"]
[BlackElo "2111"]
[Result "1-0"]
[Round "07"]
[TimeControl "180+1"]
[Date "2022.02.22"]
[WhiteClock "0:02:36"]
[BlackClock "0:02:16"]

1. d4 Nf6 2. c4 e6 3. Nf3 d5 4. g3 Nbd7 5. Bg2 c6 6. Qc2 Be7 7. Nbd2 O-O 8. O-O dxc4 9. Nxc4 c5 10. Rd1 b5 11. Nfe5 Rb8 12. Nc6 Qc7 13. Bf4 Bd6 14. Bxd6 Qxd6 15. Nxd6 1-0


[Site "https://www.chess.com"]

[Event "Titled Tuesday Blitz February 22 Early 2022"]
[White "Fedoseev, Vladimir"]
[Black "Neiksans, Arturs"]
[WhiteFideId "24130737"]
[BlackFideId "11601388"]
[WhiteElo "2726"]
[BlackElo "2447"]
[Result "0-1"]
[Round "07"]
[TimeControl "180+1"]
[Date "2022.02.22"]
[WhiteClock "0:00:02"]
[BlackClock "0:00:04"]

1. e4 c5 2. Nf3 e6 3. c3 Nf6 4. e5 Nd5 5. Bc4 d6 6. d4 cxd4 7. Bxd5 exd5 8. Qxd4 Nc6 9. Qe3 dxe5 10. Nxe5 Be7 11. O-O O-O 12. Nf3 Bf5 13. Nbd2 Re8 14. Nb3 Bd6 15. Qg5 Qd7 16. Bf4 Be7 17. Qg3 Bf6 18. Rfe1 Re4 19. Nc5 Rxe1+ 20. Rxe1 Qd8 21. Nxb7 Qb6 22. Nd6 Bg6 23. b4 Bxc3 24. Rd1 Nxb4 25. h4 h5 26. a3 Nd3 27. Be3 d4 28. Bg5 Qb3 29. Rf1 Qxa3 30. Be7 Qb3 31. Ng5 a5 32. Ngxf7 Bxf7 33. Bf6 g6 34. Qg5 Qe6 35. Ne4 Kf8 36. Qh6+ Ke8 37. Qh8+ Bg8 38. Ng5 Qd5 39. Qg7 Bf7 40. Qh8+ Kd7 41. Qg7 Nf4 42. f3 Rg8 43. Qh7 Rf8 44. Qg7 Ke8 45. Rb1 Bb4 46. Be5 d3 47. Bxf4 d2 48. Rd1 Rg8 49. Qf6 Be7 50. Qa6 Bc5+ 51. Kh2 Bb4 52. Qc8+ Ke7 53. Qc7+ Ke8 0-1


[Site "https://www.chess.com"]

[Event "Titled Tuesday Blitz February 22 Early 2022"]
[White "Freitag, Manfred"]
[Black "Danaci, Ege"]
[WhiteFideId "1602004"]
[BlackFideId "34506748"]
[WhiteElo "2275"]
[BlackElo "1799"]
[Result "1-0"]
[Round "07"]
[TimeControl "180+1"]
[Date "2022.02.22"]
[WhiteClock "0:02:54"]
[BlackClock "0:02:31"]

1. e4 c6 2. d4 d5 3. e5 Bf5 4. h4 h5 5. Bd3 Bxd3 6. Qxd3 e6 7. Bg5 Qb6 8. Nd2 Qxb2 9. Rb1 Qxa2 10. Rxb7 Qa1+ 11. Rb1 Qa6 12. Rxb8+ 1-0


[Site "https://www.chess.com"]

[Event "Titled Tuesday Blitz February 22 Early 2022"]
[White "Gabdrakhmanov, Azat"]
[Black "Tymrakiewicz, Rafal"]
[WhiteFideId "34189197"]
[BlackFideId "1108832"]
[WhiteElo "2279"]
[BlackElo "2205"]
[Result "1/2-1/2"]
[Round "07"]
[TimeControl "180+1"]
[Date "2022.02.22"]
[WhiteClock "0:00:06"]
[BlackClock "0:00:11"]

1. e4 Nf6 2. e5 Nd5 3. d4 d6 4. Nf3 g6 5. Be2 Bg7 6. O-O O-O 7. h3 dxe5 8. Nxe5 Bxe5 9. dxe5 Nc6 10. f4 Bf5 11. c3 Nb6 12. Na3 Qxd1 13. Rxd1 Rfd8 14. Be3 a6 15. Bf3 Bd3 16. Kf2 Rd7 17. Rd2 Rad8 18. Rad1 Bf5 19. Rxd7 Rxd7 20. Rxd7 Bxd7 21. b3 Nd8 22. c4 Bc6 23. Bxb6 cxb6 24. Nc2 Bxf3 25. Kxf3 Nc6 26. Ke4 e6 27. Nd4 Kf8 28. Nf3 Ke7 29. a3 Kd7 30. b4 h6 31. g4 b5 32. cxb5 axb5 33. h4 b6 34. f5 Ke7 35. f6+ Kf8 36. Nd2 Ke8 37. Nb1 Kf8 38. Nc3 Na7 39. Kd4 Ke8 40. a4 bxa4 41. Nxa4 Nc6+ 42. Ke4 Nxb4 43. Nxb6 Kf8 44. Nc4 Nd5 45. Nd6 Nc3+ 46. Kf4 Nd5+ 47. Ke4 Nc3+ 48. Kf3 Kg8 49. Ne4 Nd5 50. Nd2 h5 51. gxh5 gxh5 52. Nc4 Kh7 53. Nd6 Kg6 54. Ke4 Nc3+ 55. Kf3 Nd5 56. Ke4 Nb6 57. Ne8 Nd7 58. Kf4 Nc5 59. Nd6 Nd3+ 60. Ke4 Ne1 61. Nc8 Ng2 62. Nb6 Nxh4 63. Nd7 Nf5 64. Nf8+ Kg5 65. Nxe6+ Kg6 66. Nf4+ Kg5 67. Nh3+ Kg6 68. Nf4+ Kg5 69. Nd5 Nh6 70. Ne7 h4 71. Kf3 h3 72. Kg3 h2 73. Kxh2 Kf4 74. Ng8 Kxe5 75. Nxh6 Kxf6 76. Nxf7 1/2-1/2


[Site "https://www.chess.com"]

[Event "Titled Tuesday Blitz February 22 Early 2022"]
[White "Gabrielian, Artur"]
[Black "Pichot, Alan"]
[WhiteFideId "4131002"]
[BlackFideId "110973"]
[WhiteElo "2440"]
[BlackElo "2543"]
[Result "1-0"]
[Round "07"]
[TimeControl "180+1"]
[Date "2022.02.22"]
[WhiteClock "0:00:14"]
[BlackClock "0:00:01"]

1. e4 e5 2. Nf3 Nc6 3. Bc4 Bc5 4. d3 Nf6 5. Bg5 h6 6. Bh4 d6 7. c3 a5 8. Nbd2 g5 9. Bg3 O-O 10. h4 g4 11. Nh2 Kg7 12. Qe2 Ne7 13. h5 Nxh5 14. Nxg4 Nxg3 15. fxg3 Ng8 16. Rh4 b5 17. Bd5 Ra6 18. O-O-O c6 19. Bb3 a4 20. Bc2 Be6 21. Kb1 Qg5 22. Rdh1 f6 23. Nxh6 Nxh6 24. Rxh6 Qxh6 25. Rxh6 Kxh6 26. Nf3 Rg8 27. d4 Ba7 28. Qd2+ Kg7 29. dxe5 dxe5 30. Qd6 Re8 31. Nh4 Bb8 32. Qd1 c5 33. Nf5+ Bxf5 34. exf5 Rd6 35. Qh5 Rh8 36. Qg6+ Kf8 37. a3 c4 38. Be4 Rg8 39. Qh6+ Kf7 40. Bf3 Rdd8 41. Bh5+ Ke7 42. Qh7+ Kd6 43. Qb7 Rxg3 44. Bf3 e4 45. Qxe4 Rxf3 46. Qxf3 Re8 47. Qb7 Bc7 48. Qxb5 Re1+ 49. Ka2 Re4 50. Qxa4 Ke5 51. Qb5+ Kf4 52. a4 Be5 53. a5 1-0


[Site "https://www.chess.com"]

[Event "Titled Tuesday Blitz February 22 Early 2022"]
[White "Garv Gaur"]
[Black "Jakubowski, Krzysztof"]
[WhiteFideId "45030839"]
[BlackFideId "1112848"]
[WhiteElo "1950"]
[BlackElo "2365"]
[Result "0-1"]
[Round "07"]
[TimeControl "180+1"]
[Date "2022.02.22"]
[WhiteClock "0:00:02"]
[BlackClock "0:00:07"]

1. d4 Nf6 2. Nf3 e6 3. c4 b6 4. g3 Bb7 5. Bg2 Be7 6. O-O O-O 7. Nc3 Ne4 8. Qd3 Nxc3 9. Qxc3 d6 10. Qe3 Nd7 11. d5 e5 12. Ng5 Ba6 13. b3 b5 14. cxb5 Bxb5 15. Re1 a5 16. Ne4 f5 17. Nc3 Ba6 18. f3 Qb8 19. Qf2 Bf6 20. e4 Nc5 21. Be3 Nd3 22. Qd2 Nxe1 23. Rxe1 Qb4 24. exf5 a4 25. g4 axb3 26. axb3 Bh4 27. Rc1 Qxb3 28. Ne4 Qd3 29. Rxc7 Qxd2 30. Bxd2 Bd3 31. Bf1 Ra1 32. Bc1 Bxe4 33. fxe4 Rb8 34. Kg2 Rbb1 35. Bb5 Rxc1 36. Rb7 Rc8 37. Bd7 Rd8 38. Be6+ Kh8 39. g5 Bxg5 40. Kh3 Bf6 41. Kg4 Rf1 42. Kg3 Rf4 43. Rb4 g6 44. fxg6 hxg6 45. Ra4 Kg7 46. h4 Kh6 47. h5 gxh5 48. Bf5 Rb8 0-1


[Site "https://www.chess.com"]

[Event "Titled Tuesday Blitz February 22 Early 2022"]
[White "Gatterer, Florian"]
[Black "Dahanayake, Isara Banidu"]
[WhiteFideId "811688"]
[BlackFideId "9932631"]
[WhiteElo "2218"]
[BlackElo "1394"]
[Result "1-0"]
[Round "07"]
[TimeControl "180+1"]
[Date "2022.02.22"]
[WhiteClock "0:00:32"]
[BlackClock "0:00:19"]

1. c4 Nf6 2. Nc3 g6 3. e4 d6 4. d4 Bg7 5. Be2 O-O 6. Be3 e5 7. d5 a5 8. h4 h5 9. f3 c6 10. g4 cxd5 11. cxd5 Na6 12. Nh3 Nc5 13. Nf2 a4 14. Qc2 Qa5 15. O-O-O a3 16. b3 Na6 17. Kb1 Nb4 18. Qd2 Bd7 19. Nd3 Rfc8 20. g5 Ne8 21. Nxb4 Qxb4 22. Rc1 Nc7 23. Ka1 b5 24. Nb1 Na6 25. Qxb4 Nxb4 26. Nc3 Rc7 27. Kb1 Rac8 28. Nxb5 Rxc1+ 29. Rxc1 Rxc1+ 30. Bxc1 Bxb5 31. Bxb5 f6 32. Bxa3 1-0


[Site "https://www.chess.com"]

[Event "Titled Tuesday Blitz February 22 Early 2022"]
[White "Ginzburg, Yakov"]
[Black "Assaubayeva, Bibisara"]
[WhiteFideId "4157176"]
[BlackFideId "13708694"]
[WhiteElo "2265"]
[BlackElo "2404"]
[Result "0-1"]
[Round "07"]
[TimeControl "180+1"]
[Date "2022.02.22"]
[WhiteClock "0:00:03"]
[BlackClock "0:00:42"]

1. e4 c5 2. Nf3 d6 3. c3 Nf6 4. Be2 Bd7 5. Qc2 Qc7 6. O-O g6 7. Re1 Bg7 8. Na3 O-O 9. Nb5 Qc8 10. d4 a6 11. Na3 cxd4 12. Nxd4 Nc6 13. Nxc6 Qxc6 14. Bf3 Qc7 15. Qe2 Rac8 16. Bf4 Bc6 17. Rad1 Nd7 18. Nc4 Bb5 19. b3 Bxc4 20. bxc4 Qxc4 21. Qxc4 Rxc4 22. Bg5 Re8 23. e5 Nxe5 24. Bxb7 Rxc3 25. Bxa6 Ra3 26. Bb5 Rb8 27. Rb1 Ra5 28. a4 Kf8 29. Rbc1 h6 30. Be3 f5 31. Rc7 Raxb5 32. axb5 Rxb5 33. h3 g5 34. f4 Nd3 35. Rf1 gxf4 36. Bxf4 Bd4+ 37. Kh1 Nxf4 38. g3 Nxh3 39. Kg2 Ng5 40. g4 Kf7 41. gxf5 Rb2+ 42. Kg3 Be5+ 43. Kg4 Rh2 44. Re1 Kf6 45. Rc8 h5# 0-1


[Site "https://www.chess.com"]

[Event "Titled Tuesday Blitz February 22 Early 2022"]
[White "Glavina, Pablo"]
[Black "volunteers1998"]
[WhiteFideId "100234"]
[WhiteElo "2369"]
[BlackElo "2264"]
[Result "1-0"]
[Round "07"]
[TimeControl "180+1"]
[Date "2022.02.22"]
[WhiteClock "0:00:07"]
[BlackClock "0:00:04"]

1. e4 c5 2. Nf3 Nc6 3. d4 cxd4 4. Nxd4 Nf6 5. Nc3 e5 6. Ndb5 d6 7. Bg5 a6 8. Na3 b5 9. Nd5 Be7 10. Bxf6 Bxf6 11. c4 b4 12. Nc2 a5 13. g3 O-O 14. Bg2 Be6 15. O-O Rc8 16. b3 Bg5 17. f4 exf4 18. gxf4 Bh6 19. Nce3 Ne7 20. Qd3 Bxd5 21. Nxd5 Nxd5 22. Qxd5 Kh8 23. Rad1 Qb6+ 24. Kh1 Rcd8 25. Rd3 Qc5 26. e5 Qxd5 27. Rxd5 dxe5 28. fxe5 Rxd5 29. cxd5 g6 30. d6 Kg7 31. Bd5 Be3 32. Kg2 Bd4 33. Kf3 Bxe5 34. d7 Rd8 35. Ke4 f6 36. Bc6 Kf7 37. h3 Ke7 38. Rd1 Ke6 39. Kf3 Bc7 40. Rd5 Ke7 41. Rd1 h5 42. Re1+ Be5 43. Rd1 g5 44. Rd5 Ke6 45. Rxa5 g4+ 46. hxg4 hxg4+ 47. Kxg4 f5+ 48. Kf3 Kd6 49. Ba4 1-0


[Site "https://www.chess.com"]

[Event "Titled Tuesday Blitz February 22 Early 2022"]
[White "Golizadeh, Asghar"]
[Black "Muradov, Soltan"]
[WhiteFideId "12505269"]
[BlackFideId "14002108"]
[WhiteElo "2403"]
[BlackElo "1854"]
[Result "1-0"]
[Round "07"]
[TimeControl "180+1"]
[Date "2022.02.22"]
[WhiteClock "0:00:56"]
[BlackClock "0:01:28"]

1. e4 e5 2. Nc3 Nc6 3. Bc4 d6 4. d3 g6 5. f4 Bg7 6. Nf3 Nge7 7. O-O Na5 8. fxe5 Nxc4 9. dxc4 dxe5 10. Qxd8+ Kxd8 11. Ng5 Ke8 12. Nb5 f6 13. Nxc7+ Kd8 14. Nge6+ Kd7 15. Nxg7 Kxc7 16. Rxf6 Nc6 17. Rf7+ Kb6 18. Be3+ Ka6 19. c3 Bg4 20. b4 b5 21. a4 bxc4 22. b5+ Ka5 23. bxc6 Rac8 24. Rxa7# 1-0


[Site "https://www.chess.com"]

[Event "Titled Tuesday Blitz February 22 Early 2022"]
[White "Goltseva, Ekaterina"]
[Black "wisdomboy"]
[WhiteFideId "24173770"]
[WhiteElo "2140"]
[BlackElo "2445"]
[Result "1-0"]
[Round "07"]
[TimeControl "180+1"]
[Date "2022.02.22"]
[WhiteClock "0:00:43"]
[BlackClock "0:00:51"]

1. d4 Nf6 2. c4 e6 3. Nc3 c5 4. d5 exd5 5. cxd5 d6 6. e4 g6 7. Nge2 Bg7 8. Ng3 O-O 9. Be2 a6 10. a4 Nbd7 11. O-O Ne8 12. Bf4 Ne5 13. Qd2 f5 14. Bg5 Qc7 15. f4 Nd7 16. exf5 gxf5 17. Bd3 Ndf6 18. Nxf5 Bxf5 19. Bxf5 Kh8 20. Be6 h6 21. Bh4 c4 22. f5 b5 23. axb5 Qc5+ 24. Bf2 Qb4 25. bxa6 Nc7 26. a7 Ng4 27. Bd4 Nxe6 28. dxe6 Ne5 29. f6 Bxf6 30. Qxh6+ Kg8 31. Rxf6 Rxf6 32. Qxf6 Qxb2 33. Rf1 Qd2 34. Bxe5 Qe3+ 35. Kh1 dxe5 36. Nd5 Qxa7 37. Ne7+ Kh7 38. Qg6+ Kh8 39. Qh6# 1-0


[Site "https://www.chess.com"]

[Event "Titled Tuesday Blitz February 22 Early 2022"]
[White "Golubenko, Valentina"]
[Black "Wartiovaara, Oliver"]
[WhiteFideId "4501993"]
[BlackFideId "513024"]
[WhiteElo "2164"]
[BlackElo "1971"]
[Result "1-0"]
[Round "07"]
[TimeControl "180+1"]
[Date "2022.02.22"]
[WhiteClock "0:00:15"]
[BlackClock "0:00:38"]

1. d4 Nf6 2. g3 g6 3. Bg2 Bg7 4. c4 O-O 5. d5 c6 6. Nc3 cxd5 7. cxd5 d6 8. Nf3 Bg4 9. O-O Nbd7 10. Nd4 Ne5 11. h3 Bc8 12. f4 Ned7 13. e4 a6 14. Re1 Qb6 15. e5 dxe5 16. fxe5 Nh5 17. Be3 Nxe5 18. Ne6 Qxb2 19. Na4 Qa3 20. Nxf8 Nf3+ 21. Bxf3 Bxa1 22. Bc5 Qxa2 23. Qxa1 Qxa1 24. Rxa1 Kxf8 25. Re1 Nxg3 26. Bxe7+ Kg7 27. Nb6 Rb8 28. d6 Bxh3 29. Kh2 1-0


[Site "https://www.chess.com"]

[Event "Titled Tuesday Blitz February 22 Early 2022"]
[White "Goryachkina, Aleksandra"]
[Black "FGHSMN"]
[WhiteFideId "4147103"]
[WhiteElo "2426"]
[BlackElo "2804"]
[Result "0-1"]
[Round "07"]
[TimeControl "180+1"]
[Date "2022.02.22"]
[WhiteClock "0:00:01"]
[BlackClock "0:00:05"]

1. e4 c5 2. Nf3 e6 3. c3 d5 4. exd5 Qxd5 5. d4 Nf6 6. Na3 Qd8 7. Bf4 cxd4 8. Nxd4 Nbd7 9. Nc4 Nd5 10. Nd6+ Bxd6 11. Bxd6 Qb6 12. Ba3 Nc5 13. Bb5+ Bd7 14. Bxd7+ Nxd7 15. O-O O-O-O 16. Qe2 Kb8 17. Rfd1 a6 18. c4 N5f6 19. c5 Qc7 20. c6 Nb6 21. cxb7 Qxb7 22. Rac1 Rc8 23. Bc5 Ka8 24. Bxb6 Qxb6 25. Nb3 Nd5 26. h3 Ka7 27. Qf3 f6 28. Rxc8 Rxc8 29. Nd4 Rd8 30. b3 Nb4 31. Qc3 e5 32. Qxb4 Qxb4 33. Nc6+ Kb6 34. Nxd8 Qc3 35. Ne6 Qc2 36. Rd6+ Kb5 37. Rd5+ Kb4 38. Rd7 Qxa2 39. Rb7+ Kc3 40. Nxg7 a5 41. Ne6 Qb1+ 42. Kh2 Qf5 43. Rb6 Qxf2 44. Ra6 e4 45. Rxa5 e3 46. Rc5+ Kxb3 47. Nd4+ Kb4 48. Rd5 e2 49. Nxe2 Qxe2 50. Rf5 Qe4 51. Rf3 Kc5 52. Kg1 Qe1+ 53. Kh2 Qe5+ 54. Kg1 Kd6 55. Kh1 Ke6 56. Kg1 Kf7 57. Kh1 Kg6 58. Kg1 Kg5 59. Kh1 f5 60. Kg1 f4 61. Kh1 Qe4 62. Kg1 Kf5 63. Kh1 Ke5 64. Kg1 Kd4 65. Rf1 Qe3+ 66. Kh1 Ke4 67. Kh2 Qe2 68. Kg1 Ke3 0-1


[Site "https://www.chess.com"]

[Event "Titled Tuesday Blitz February 22 Early 2022"]
[White "Grieve, Harry"]
[Black "Nenezic, Marko"]
[WhiteFideId "426520"]
[BlackFideId "912123"]
[WhiteElo "2294"]
[BlackElo "2484"]
[Result "0-1"]
[Round "07"]
[TimeControl "180+1"]
[Date "2022.02.22"]
[WhiteClock "0:00:01"]
[BlackClock "0:00:34"]

1. e4 c5 2. Nc3 Nc6 3. Bb5 Qc7 4. Nf3 Nf6 5. O-O Nd4 6. e5 Nxf3+ 7. Qxf3 Qxe5 8. d3 a6 9. Ba4 e6 10. Bf4 Qh5 11. Qg3 Qg6 12. Qe3 Be7 13. Bb3 O-O 14. a4 b6 15. Ne2 Bb7 16. Bg3 h5 17. Nf4 Qf5 18. h3 g5 19. Ne2 h4 20. Bh2 g4 21. Nf4 e5 22. Ne2 d6 23. hxg4 Nxg4 24. Qh3 Nh6 25. Qxf5 Nxf5 26. Nc3 Nd4 27. Bd5 Ra7 28. Bxb7 Rxb7 29. Nd5 Nxc2 30. Rac1 Nd4 31. Rfe1 Bd8 32. f4 f6 33. fxe5 fxe5 34. Re4 Rg7 35. Rce1 Nf3+ 36. Kf2 Nxh2+ 0-1


[Site "https://www.chess.com"]

[Event "Titled Tuesday Blitz February 22 Early 2022"]
[White "Grunberg, Mihai-Lucian"]
[Black "Namitbir Singh Walia"]
[WhiteFideId "1204149"]
[BlackFideId "35071068"]
[WhiteElo "2364"]
[BlackElo "1479"]
[Result "0-1"]
[Round "07"]
[TimeControl "180+1"]
[Date "2022.02.22"]
[WhiteClock "0:00:35"]
[BlackClock "0:00:07"]

1. e4 c5 2. Nf3 Nc6 3. d4 cxd4 4. Nxd4 g6 5. c4 Nf6 6. Nc3 Nxd4 7. Qxd4 d6 8. Be2 Bg7 9. Be3 O-O 10. Qd2 Be6 11. O-O Qa5 12. Rfd1 Rfc8 13. b3 b5 14. e5 dxe5 15. Nxb5 Qxd2 16. Rxd2 Ne4 17. Rc2 a6 18. Na3 Bf5 19. Bd3 Rd8 20. Bxe4 Bxe4 21. Rcc1 f5 22. f3 Bc6 23. Rd1 Kf7 24. Nc2 f4 25. Bc5 e4 26. Bd4 exf3 27. Bxg7 Kxg7 28. gxf3 Bxf3 29. Rf1 Be4 30. Nb4 e5 31. Rae1 Rd4 32. Rf2 Kf6 33. Rfe2 Kf5 34. Nd5 Re8 35. Nc7 Re7 36. Nxa6 f3 37. Rf2 Bc6 38. Nb4 Bb7 39. Nd5 Bxd5 40. cxd5 Rd3 41. Rc2 Rd7 42. Rc5 Kf4 43. Rc4+ Kf5 44. b4 R7xd5 45. a4 Rd2 46. b5 f2+ 0-1


[Site "https://www.chess.com"]

[Event "Titled Tuesday Blitz February 22 Early 2022"]
[White "Guliev, Logman"]
[Black "Rodchenkov, Vitaly"]
[WhiteFideId "13400061"]
[BlackFideId "4152964"]
[WhiteElo "2128"]
[BlackElo "2337"]
[Result "1-0"]
[Round "07"]
[TimeControl "180+1"]
[Date "2022.02.22"]
[WhiteClock "0:01:36"]
[BlackClock "0:01:49"]

1. e4 c5 2. Nf3 d6 3. d4 cxd4 4. Nxd4 Nf6 5. Nc3 a6 6. f4 e5 7. Nf3 Nbd7 8. Bd3 Be7 9. O-O O-O 10. Kh1 Qc7 11. a4 b6 12. Qe1 Bb7 13. fxe5 dxe5 14. Bg5 Rfe8 15. Nh4 Bf8 16. Nf5 Re6 17. Qh4 Rae8 18. Nd5 Nxd5 19. exd5 Rg6 20. Ne3 Rxg5 21. Qxh7# 1-0


[Site "https://www.chess.com"]

[Event "Titled Tuesday Blitz February 22 Early 2022"]
[White "Gunina, Valentina"]
[Black "Barbashin, Igor"]
[WhiteFideId "4167570"]
[BlackFideId "4155718"]
[WhiteElo "2465"]
[BlackElo "2138"]
[Result "1-0"]
[Round "07"]
[TimeControl "180+1"]
[Date "2022.02.22"]
[WhiteClock "0:01:53"]
[BlackClock "0:00:14"]

1. d4 Nf6 2. c4 c5 3. d5 e6 4. Nc3 exd5 5. cxd5 d6 6. Nf3 g6 7. Bf4 a6 8. a4 Bg7 9. e3 O-O 10. h3 Qc7 11. Be2 Re8 12. O-O Nbd7 13. a5 Ne4 14. Nxe4 Rxe4 15. Nd2 Re8 16. Nc4 Ne5 17. Nb6 Rb8 18. Qc2 Bd7 19. b4 Bb5 20. Bxb5 axb5 21. bxc5 dxc5 22. Rab1 c4 23. Rxb5 c3 24. Rc1 Rbd8 25. Kh1 Qe7 26. Qxc3 Ng4 27. Qd2 Nh6 28. f3 Nf5 29. e4 Nd4 30. Rbb1 f5 31. Bg5 Qe5 32. Bxd8 Rxd8 33. Nc4 Qg3 34. Qe1 Qb8 35. Rd1 fxe4 36. fxe4 Qf4 37. Qe3 Qc7 38. Rxd4 1-0


[Site "https://www.chess.com"]

[Event "Titled Tuesday Blitz February 22 Early 2022"]
[White "Guseinov, Gadir"]
[Black "Priasmoro, Novendra"]
[WhiteFideId "13401378"]
[BlackFideId "7105029"]
[WhiteElo "2581"]
[BlackElo "2309"]
[Result "0-1"]
[Round "07"]
[TimeControl "180+1"]
[Date "2022.02.22"]
[WhiteClock "0:00:17"]
[BlackClock "0:01:11"]

1. e4 c5 2. Nc3 Nc6 3. Bb5 Nd4 4. Nf3 g6 5. Ba4 Bg7 6. O-O e6 7. Nxd4 cxd4 8. Nb5 Qb6 9. c3 Nf6 10. e5 Nd5 11. Nd6+ Kf8 12. Qf3 f5 13. exf6 Qxd6 14. fxg7+ Kxg7 15. d3 Rf8 16. Qe4 dxc3 17. bxc3 Kg8 18. Bb2 Rf4 19. Qe1 Rxa4 20. c4 Nf4 21. Be5 Qf8 22. Qe3 Nh5 23. Bb2 d6 24. f4 Ra5 25. Rae1 Bd7 26. Qd4 Ng7 27. Re3 Rxa2 28. Rh3 Bc6 29. Rh6 Qf7 30. f5 exf5 31. Rf4 Qe7 32. h3 Qe5 33. Qxe5 dxe5 34. Bxe5 Rxg2+ 35. Kf1 Ne6 36. Rfh4 Nf8 37. d4 Rc2 38. d5 Bd7 0-1


[Site "https://www.chess.com"]

[Event "Titled Tuesday Blitz February 22 Early 2022"]
[White "Guseva, Marina"]
[Black "Nosacheva, Mariya"]
[WhiteFideId "4149351"]
[BlackFideId "34111422"]
[WhiteElo "2232"]
[BlackElo "2055"]
[Result "1-0"]
[Round "07"]
[TimeControl "180+1"]
[Date "2022.02.22"]
[WhiteClock "0:00:44"]
[BlackClock "0:00:13"]

1. d4 Nf6 2. Nf3 g6 3. Bf4 Bg7 4. e3 O-O 5. Be2 d6 6. O-O c5 7. c3 Nc6 8. h3 Be6 9. Nbd2 Qb6 10. Qc1 Rfc8 11. Nc4 Bxc4 12. Bxc4 cxd4 13. exd4 d5 14. Bd3 Ne4 15. Qb1 f5 16. Ng5 Nxg5 17. Bxg5 e5 18. dxe5 Nxe5 19. Be3 Qd8 20. Bd4 Qh4 21. Rd1 Re8 22. Bf1 f4 23. Qc2 f3 24. g3 Qg5 25. Be3 Qd8 26. Qb3 Kh8 27. Rxd5 Qc8 28. Rad1 Qe6 29. Rd7 Nxd7 30. Qxe6 Rxe6 31. Rxd7 Be5 32. Rxb7 Bxg3 33. Bxa7 Bd6 34. Bd4+ Be5 35. Bc4 Bxd4 36. Bxe6 Be5 37. Bd5 Rd8 38. Bxf3 1-0


[Site "https://www.chess.com"]

[Event "Titled Tuesday Blitz February 22 Early 2022"]
[White "Hakemi, Arman"]
[Black "Fiorito, Fabian"]
[WhiteFideId "22520805"]
[BlackFideId "100200"]
[WhiteElo "2208"]
[BlackElo "2395"]
[Result "1-0"]
[Round "07"]
[TimeControl "180+1"]
[Date "2022.02.22"]
[WhiteClock "0:00:56"]
[BlackClock "0:01:06"]

1. e4 c6 2. d4 d5 3. e5 Bf5 4. Nf3 e6 5. Be2 c5 6. Be3 Qb6 7. Nc3 c4 8. Rb1 Qa5 9. Nh4 Bg6 10. O-O Be7 11. Nxg6 hxg6 12. f4 Bb4 13. a3 Bxc3 14. bxc3 b6 15. Qd2 Ne7 16. g4 Nbc6 17. Kg2 f5 18. exf6 gxf6 19. Bf3 Kd7 20. Bf2 Qxa3 21. Bg3 Qd6 22. f5 e5 23. dxe5 fxe5 24. f6 Qxf6 25. Bxd5 Qd6 26. Bxc6+ Nxc6 27. Rf7+ Ne7 28. Qxd6+ Kxd6 29. Rf6+ Kd7 30. Rd1+ Ke8 31. Bxe5 Rd8 32. Rxd8+ Kxd8 33. Rd6+ Kc8 34. Bxh8 1-0


[Site "https://www.chess.com"]